 Dungeon Crawl Stone Soup version 0.19.1-1-g22dce08 (webtiles) character file.

41 kae the Shield-Bearer (level 3, -15/29 HPs)
             Began as a Formicid Fighter on Jan 12, 2017.
             Engulfed by a cloud of flame (17 damage)
             ... on level 2 of the Dungeon.
             The game lasted 00:01:43 (1110 turns).

kae the Shield-Bearer (Formicid Fighter)            Turns: 1110, Time: 00:01:44

Health: -15/29     AC:  8    Str: 21    XL:     3   Next: 75%
Magic:  3/3        EV:  8    Int:  7    God:
Gold:   70         SH:  9    Dex: 10    Spells: 0 memorised, 2 levels left

rFire  . . .     SeeInvis +     a - +1 flail
rCold  . . .     Gourm    .     b - +0 scale mail
rNeg   . . .     Faith    +     c - +0 shield
rPois  .         Spirit   .     (helmet unavailable)
rElec  .         Reflect  .     p - +0 cloak
rCorr  .         Harm     .     (no gloves)
MR     .....                    (no boots)
Stlth  ..........               g - amulet of faith
                                (no ring)
                                (no ring)

@: no status effects
A: permanent stasis, dig shafts and tunnels, four strong arms, antennae 3
a: Dig, Shaft Self


You were on level 2 of the Dungeon.
You were hungry.

You visited 1 branch of the dungeon, and saw 2 of its levels.

You collected 70 gold pieces.

Inventory:

Hand Weapons
 a - a +1 flail (weapon)
Armour
 b - a +0 scale mail (worn)
 c - a +0 shield (worn)
 p - a +0 cloak (worn)
Jewellery
 g - an amulet of faith (around neck)
Scrolls
 e - a scroll of teleportation
 m - 3 scrolls of noise
Potions
 d - a potion of might
 i - 2 potions of cancellation
Comestibles
 f - 2 bread rations
 n - 2 fruits


   Skills:
 + Level 3.5 Fighting
 * Level 2.8 Maces & Flails
 + Level 3.5 Armour
 + Level 4.2 Shields


You had 2 spell levels left.
You didn't know any spells.

Dungeon Overview and Level Annotations

Branches:
Dungeon (2/15)

Altars:

Annotations:
D:2 Terence


Innate Abilities, Weirdness & Mutations

You are under a permanent stasis effect.
You can dig through walls and to a lower floor.
Your four strong arms can wield two-handed weapons with a shield.
You have a pair of large antennae on your head. (SInv)


Message History

It was a scroll of noise.
You hear a shout! x2
Terence the Incautious comes into view.
He is wielding a short sword.
As you read the scroll labeled PALIC CIOM, it crumbles to dust.
Formicids cannot teleport.
It was a scroll of blinking.
As you read the scroll labeled SIUT LUKLEET, it crumbles to dust.
The creatures around you are filled with an inner flame!
It was a scroll of immolation.
The hobgoblin barely misses you.
Terence shouts, "Get ready for death!"
Terence asks, "Do you want it fast or slow?"
You see here a long sword.
Terence says, "Time to say good-bye..."
You thump the hobgoblin!
The hobgoblin explodes!
The fiery explosion engulfs you!
Ouch! That really hurt!
* * * LOW HITPOINT WARNING * * *
You are engulfed in roaring flames.
Ouch! That really hurt!
You die...

..!....#...... #....!..... ..
#......... ####.###.......#
...............#####
.....#............ ############
..(.....#...#####
...........#######§...#.#........
####<......#....@.§.....#...#####
...........#.#####§.@.......#
######.#####.# #..#..##)#.# #.#
#.# #..#.....#.# #.# #.#
#........#.# #.#####.#
#.###.####.# #.......# #.# ###
#######.# #.# ### ###


You could see Terence (inner flame).

Vanquished Creatures
  3 dart slugs (D:1)
  2 leopard geckos (D:1)
  2 bats (D:1)
  7 hobgoblins
  5 frilled lizards (D:1)
  3 goblins (D:1)
  4 kobolds (D:1)
  7 rats (D:1)
33 creatures vanquished.

Notes
Turn   | Place    | Note
-------+----------+-------------------------------------------
     0 | D:1      | kae the Formicid Fighter began the quest for the Orb.
     0 | D:1      | Reached XP level 1. HP: 18/18 MP: 1/1
     2 | D:1      | Noticed a merfolk
     2 | D:1      | Noticed a gargoyle
     4 | D:1      | Noticed a ghoul
     4 | D:1      | Noticed a vine stalker
     6 | D:1      | Noticed a centaur
     8 | D:1      | Noticed an elf
     8 | D:1      | Noticed a minotaur
    10 | D:1      | Noticed a naga
    12 | D:1      | Noticed a tengu
    12 | D:1      | Noticed a draconian
    14 | D:1      | Noticed a demonspawn
    14 | D:1      | Noticed a human
    16 | D:1      | Noticed an ogre
    16 | D:1      | Noticed a halfling
    18 | D:1      | Noticed a dwarf
    18 | D:1      | Noticed a felid
    20 | D:1      | Noticed an octopode
    20 | D:1      | Noticed a demigod
    22 | D:1      | Noticed a troll
    24 | D:1      | Noticed a vampire
    26 | D:1      | Noticed a formicid
    26 | D:1      | Noticed a spriggan
   260 | D:1      | Reached XP level 2. HP: 18/24 MP: 2/2
   507 | D:1      | Reached skill level 4 in Shields
   507 | D:1      | Reached XP level 3. HP: 17/29 MP: 3/3
  1093 | D:2      | Noticed Terence
  1110 | D:2      | Engulfed by a cloud of flame

Skill      XL: |  1  2 |
---------------+-------+-----
Shields        | 4 |  4.2
Fighting       | |  3.5
Maces & Flails | |  2.8
Armour         | |  3.5

Action                   || total
-------------------------++-------
Melee: Flail             ||   103
 Abil: Dig               ||     3
  Use: Scroll            ||     8
Armor: Scale mail        ||    46
Dodge: Dodged            ||    40
Block: Shield            ||    62
